[Event "Titled Tuesday Blitz February 21 Late 2023"]
[White "Bikuzhin, Maksim"]
[Black "Matsuura, Frederico"]
[WhiteFideId "24128015"]
[BlackFideId "2107848"]
[WhiteElo "2279"]
[BlackElo "2244"]
[Result "1-0"]
[Round "03"]
[TimeControl "180+2"]
[Date "2023.02.21"]
[WhiteClock "0:00:50"]
[BlackClock "0:00:02"]

1. e4 e6 2. d3 d5 3. Nd2 f5 4. Ngf3 Nf6 5. e5 Nfd7 6. c3 c5 7. d4 Nc6 8. a3 cxd4 9. cxd4 Qb6 10. Nb3 Be7 11. Bd2 a5 12. Bc3 O-O 13. Bd3 Qd8 14. O-O g5 15. Rc1 a4 16. Nbd2 Qe8 17. Ne1 Qg6 18. Nc2 Nb6 19. Qe2 Bd7 20. f4 gxf4 21. Rxf4 Bg5 22. Rf2 Kh8 23. Kh1 Qh6 24. Rg1 Be8 25. Nf3 Bh5 26. Qe1 Rg8 27. Nxg5 Qxg5 28. Bd2 Qh4 29. Qf1 Rg7 30. Rf4 Qe7 31. Be1 Rg4 32. Ne3 Rxf4 33. Qxf4 Nd7 34. Bh4 Qf7 35. Rf1 Rg8 36. g4 Bg6 37. gxf5 Bxf5 38. Nxf5 exf5 39. Bxf5 Re8 40. e6 1-0


[Site "https://www.chess.com"]

[Event "Titled Tuesday Blitz February 21 Late 2023"]
[White "Tang, Andrew"]
[Black "Bhavikatti, Neil"]
[WhiteFideId "2059630"]
[BlackFideId "30935024"]
[WhiteElo "2523"]
[BlackElo "2051"]
[Result "1-0"]
[Round "03"]
[TimeControl "180+2"]
[Date "2023.02.21"]
[WhiteClock "0:00:53"]
[BlackClock "0:00:19"]

1. d4 d5 2. Bf4 Nf6 3. e3 e6 4. Nf3 Bd6 5. Nbd2 O-O 6. Bd3 c5 7. c3 Qc7 8. Bxd6 Qxd6 9. Ne5 b6 10. f4 Ba6 11. Bxa6 Nxa6 12. O-O Nb8 13. Rf3 Nc6 14. Rh3 Nd7 15. Qh5 h6 16. Rf1 cxd4 17. exd4 Ne7 18. g4 Nxe5 19. fxe5 Qd8 20. g5 Nf5 21. gxh6 Nxh6 22. Rf6 1-0


[Site "https://www.chess.com"]

[Event "Titled Tuesday Blitz February 21 Late 2023"]
[White "Svane, Rasmus"]
[Black "Aggelis, Nikolaos"]
[WhiteFideId "4657101"]
[BlackFideId "4213220"]
[WhiteElo "2623"]
[BlackElo "2270"]
[Result "1/2-1/2"]
[Round "03"]
[TimeControl "180+2"]
[Date "2023.02.21"]
[WhiteClock "0:00:06"]
[BlackClock "0:00:35"]

1. Nf3 Nf6 2. g3 g6 3. Bg2 Bg7 4. O-O O-O 5. d4 d5 6. c4 Nc6 7. cxd5 Nxd5 8. Nc3 e5 9. Bg5 f6 10. Bc1 Nxc3 11. bxc3 e4 12. Nd2 f5 13. Rb1 b6 14. f3 exf3 15. Nxf3 Bb7 16. Bf4 Na5 17. h4 Be4 18. Rc1 h6 19. e3 Nc4 20. Nd2 Bxg2 21. Kxg2 Qd5+ 22. Qf3 Qxf3+ 23. Nxf3 Rfe8 24. Rfe1 c5 25. Kf2 Rad8 26. a4 Nb2 27. Ke2 Nxa4 28. Kd3 b5 29. Rb1 a6 30. Kc2 cxd4 31. exd4 Rxe1 32. Rxe1 Rc8 33. Re3 b4 34. c4 Rxc4+ 35. Kb3 Nb6 36. Ne5 Bxe5 37. Rxe5 Rxd4 38. Re6 Nd5 39. Rxg6+ Kf7 40. Rxa6 Nxf4 41. gxf4 h5 42. Rh6 Rxf4 43. Rxh5 Kg6 44. Rg5+ Kf6 45. Rh5 Kg6 46. Rg5+ Kf6 47. Rh5 Rg4 48. Rh8 Kg7 49. Rh5 Kg6 50. Rh8 f4 51. Rf8 Kh5 52. Rh8+ Kg6 53. Rf8 Rxh4 54. Kxb4 Kg5 55. Rg8+ Kf5 56. Kc3 Rh2 57. Kd3 Ra2 58. Rg7 Kf6 59. Rg4 Kf5 60. Rg8 Rh2 61. Rg7 Rh3+ 62. Ke2 Rg3 63. Rxg3 fxg3 64. Kf3 g2 65. Kxg2 1/2-1/2


[Site "https://www.chess.com"]

[Event "Titled Tuesday Blitz February 21 Late 2023"]
[White "Maltsevskaya, Aleksandra"]
[Black "Bortnyk, Mykola"]
[WhiteFideId "24174041"]
[BlackFideId "14120836"]
[WhiteElo "2390"]
[BlackElo "2425"]
[Result "0-1"]
[Round "03"]
[TimeControl "180+2"]
[Date "2023.02.21"]
[WhiteClock "0:00:02"]
[BlackClock "0:00:08"]

1. e4 Nf6 2. e5 Nd5 3. c4 Nb6 4. d4 d6 5. f4 dxe5 6. fxe5 Nc6 7. Be3 Bf5 8. Nc3 e6 9. Nf3 Qd7 10. Be2 O-O-O 11. O-O f6 12. exf6 gxf6 13. Qb3 Rg8 14. Rf2 Nb4 15. c5 N6d5 16. Nxd5 Nxd5 17. Rc1 c6 18. Bd2 Be4 19. Qa3 Kb8 20. b4 Nc7 21. Bf4 Bxf3 22. Bxf3 Qxd4 23. Rd1 Qxd1+ 24. Bxd1 Rxd1+ 25. Rf1 Rxf1+ 26. Kxf1 e5 27. Bg3 Nd5 28. Qd3 Be7 29. Qxh7 Rg4 30. a3 a5 31. bxa5 Bxc5 32. a6 bxa6 33. Qd7 Rd4 34. Qxc6 Rd1+ 35. Ke2 Nc3+ 36. Kf3 Rd3+ 37. Kg4 Rd4+ 38. Kh5 Ne4 39. Qxa6 Kc7 40. a4 Bd6 41. Qa7+ Kc6 42. a5 f5 43. Qb6+ Kd5 44. Qb7+ Ke6 45. a6 Nf6+ 46. Kh6 Rg4 47. Qc8+ Kd5 48. Qxf5 Bf8# 0-1


[Site "https://www.chess.com"]

[Event "Titled Tuesday Blitz February 21 Late 2023"]
[White "Chor, Kevin"]
[Black "Perez Ponsa, Federico"]
[WhiteFideId "2090740"]
[BlackFideId "117927"]
[WhiteElo "1944"]
[BlackElo "2532"]
[Result "0-1"]
[Round "03"]
[TimeControl "180+2"]
[Date "2023.02.21"]
[WhiteClock "0:00:09"]
[BlackClock "0:00:16"]

1. e4 c5 2. Nf3 d6 3. d4 cxd4 4. Nxd4 Nf6 5. Nc3 a6 6. Be2 e5 7. Nb3 Be7 8. O-O O-O 9. Be3 Be6 10. Nd5 Nbd7 11. Qd3 Bxd5 12. exd5 a5 13. c4 Nb6 14. Rac1 Na4 15. Qc2 Nd7 16. Bd3 g6 17. Bh6 Re8 18. Nd4 exd4 19. Qxa4 Nc5 20. Qd1 Bg5 21. Bxg5 Qxg5 22. Bb1 Qf6 23. Qd2 Re7 24. Rcd1 Rae8 25. Qxd4 Qxd4 26. Rxd4 Re2 27. b3 Rb2 28. g3 Ree2 29. h4 Kg7 30. h5 f5 31. hxg6 hxg6 32. Kg2 Kf6 33. Kf3 g5 34. g4 f4 35. Rdd1 Nd7 36. Rde1 Ne5+ 37. Kg2 Rxe1 38. Rxe1 Nxg4 39. Re6+ Kg7 40. Rg6+ Kf7 41. Bf5 Ne3+ 42. Kf3 Nxf5 43. Rxg5 Kf6 44. Rg8 Nh4+ 45. Kxf4 Rxf2+ 46. Ke3 Rxa2 47. Rb8 Ke5 48. Re8+ Kf5 49. Rf8+ Kg5 50. Rb8 Nf5+ 51. Kd3 a4 52. Rxb7 axb3 53. Rxb3 Kf4 54. Kc3 Ke4 55. Kb4 Kd4 56. Rb1 Ne3 57. Rc1 Rb2+ 58. Ka3 Nxc4+ 59. Ka4 Kc5 60. Rb1 Nb6+ 61. Ka5 Rxb1 62. Ka6 Nxd5 63. Ka7 Kc6 64. Ka8 Kc7 65. Ka7 Ra1# 0-1


[Site "https://www.chess.com"]

[Event "Titled Tuesday Blitz February 21 Late 2023"]
[White "Petukhov, Dmitry"]
[Black "Gholami Orimi, Mahdi"]
[WhiteFideId "4142748"]
[BlackFideId "12558486"]
[WhiteElo "2350"]
[BlackElo "2420"]
[Result "0-1"]
[Round "03"]
[TimeControl "180+2"]
[Date "2023.02.21"]
[WhiteClock "0:00:36"]
[BlackClock "0:01:46"]

1. e4 c5 2. c3 Nf6 3. e5 Nd5 4. d4 cxd4 5. Nf3 d6 6. Qxd4 e6 7. Bb5+ Nc6 8. Na3 Bd7 9. Bxc6 Bxc6 10. Nc4 b5 11. Nxd6+ Bxd6 12. exd6 O-O 13. Bf4 f6 14. Qc5 Rc8 15. Qxa7 e5 16. Bg3 Qxd6 17. O-O Ra8 18. Qxa8 Rxa8 19. Rfd1 Qc5 20. Nd2 Nb6 21. h3 Nc4 22. Nb3 Qe7 23. Rab1 f5 24. f3 Qg5 25. Kh2 Ne3 26. Rg1 Rxa2 27. Bxe5 f4 28. Bd4 Qg3+ 29. Kh1 Bxf3 0-1


[Site "https://www.chess.com"]

[Event "Titled Tuesday Blitz February 21 Late 2023"]
[White "Rustemov, Alexander"]
[Black "Deng, Henry"]
[WhiteFideId "4119002"]
[BlackFideId "30965454"]
[WhiteElo "2525"]
[BlackElo "2168"]
[Result "1-0"]
[Round "03"]
[TimeControl "180+2"]
[Date "2023.02.21"]
[WhiteClock "0:01:09"]
[BlackClock "0:01:05"]

1. d4 d5 2. c4 c6 3. Nc3 Nf6 4. e3 Bf5 5. cxd5 cxd5 6. Qb3 Bc8 7. Nf3 Nc6 8. Ne5 e6 9. f4 Qc7 10. Bd3 Bb4 11. Bd2 O-O 12. O-O a6 13. Rac1 Bd6 14. Be1 Ne8 15. Na4 Rb8 16. Nxc6 bxc6 17. Qc2 Bb7 18. Nc5 a5 19. b3 Bxc5 20. Qxc5 Ra8 21. Bg3 f5 22. Rc2 Nd6 23. Rfc1 Ba6 24. Qxc6 Qxc6 25. Rxc6 Bxd3 26. Rxd6 Rfe8 27. Rc3 Bb1 28. a3 Kf7 29. Be1 Ra7 30. Rc5 Ba2 31. b4 axb4 32. Bxb4 Bc4 33. h3 Rb8 34. Kf2 g6 35. g4 Rbb7 36. Kg3 Rb8 37. Rcc6 Re8 38. Kh4 Bb5 39. Rb6 Bf1 40. Bc5 Rc7 41. a4 Ra7 42. Rxe6 Rxe6 43. Rxe6 Kxe6 44. Bxa7 Ba6 45. a5 Bf1 46. Bc5 Ba6 47. Bf8 Kd7 48. Kg5 Bf1 49. gxf5 gxf5 50. h4 Bd3 51. Kh6 Kc7 52. Kxh7 1-0


[Site "https://www.chess.com"]

[Event "Titled Tuesday Blitz February 21 Late 2023"]
[White "Holt, Conrad"]
[Black "Sonnenschein, Philipp"]
[WhiteFideId "2034387"]
[BlackFideId "16250877"]
[WhiteElo "2540"]
[BlackElo "2224"]
[Result "1-0"]
[Round "03"]
[TimeControl "180+2"]
[Date "2023.02.21"]
[WhiteClock "0:00:08"]
[BlackClock "0:00:11"]

1. d4 Nf6 2. c4 g6 3. Nc3 d5 4. e3 Bg7 5. Qb3 dxc4 6. Bxc4 O-O 7. Nf3 c5 8. O-O cxd4 9. Nxd4 e5 10. Ndb5 Nc6 11. Qa3 Qa5 12. Qxa5 Nxa5 13. Be2 Rd8 14. e4 a6 15. Nc7 Rb8 16. Be3 Nc6 17. Bb6 Nd7 18. Be3 Bf8 19. Rfd1 Bc5 20. Bg5 f6 21. Bc4+ Kh8 22. Be3 Bxe3 23. fxe3 Nb6 24. Bd5 Bg4 25. Rf1 Rd7 26. Nxa6 bxa6 27. Bxc6 Rd2 28. h3 Nc4 29. b3 Nxe3 30. Rf2 Rd3 31. Nd5 Nxd5 32. Bxd5 Bd7 33. Rxf6 Rc8 34. Raf1 Bb5 35. R1f2 Rc1+ 36. Kh2 Kg7 37. a4 Be8 38. Re6 Rdd1 39. Rxe8 h5 40. Kg3 g5 41. h4 Rd3+ 42. Rf3 gxh4+ 43. Kh2 Rdd1 44. Re7+ Kg6 45. Bf7+ Kh6 46. Re6+ Kg7 47. Rg6+ Kh7 48. g4 Rh1+ 49. Kg2 Rcg1+ 50. Kf2 Rf1+ 51. Ke2 Rxf3 52. Kxf3 Rf1+ 53. Kg2 Rxf7 54. gxh5 Rf4 55. Rxa6 Rxe4 56. a5 Rb4 57. Rb6 Rd4 58. a6 Rd8 59. a7 Ra8 60. Ra6 e4 61. Kf2 h3 62. Kg3 e3 63. Kxh3 e2 64. Re6 Rxa7 65. Rxe2 Rb7 66. Rb2 Kh6 67. Kg4 Rb4+ 68. Kf5 Kxh5 69. Rh2+ Rh4 70. Rxh4+ Kxh4 71. b4 1-0


[Site "https://www.chess.com"]

[Event "Titled Tuesday Blitz February 21 Late 2023"]
[White "The_Sherman_Variation"]
[Black "Dourerassou, Jonathan"]
[BlackFideId "628050"]
[WhiteElo "2501"]
[BlackElo "2414"]
[Result "1-0"]
[Round "03"]
[TimeControl "180+2"]
[Date "2023.02.21"]
[WhiteClock "0:00:21"]
[BlackClock "0:00:18"]

1. d4 Nf6 2. Bf4 g6 3. e3 Bg7 4. Nf3 O-O 5. h4 d6 6. c3 Bg4 7. Be2 Nbd7 8. Nbd2 Re8 9. Qb3 e5 10. Bg3 Qe7 11. O-O-O e4 12. Ng1 Be6 13. Qc2 c5 14. Nxe4 Nxe4 15. Qxe4 cxd4 16. exd4 Bh6+ 17. f4 Nf6 18. Qc2 Bf5 19. Bd3 Bxd3 20. Rxd3 Ne4 21. Nh3 Qe6 22. Kb1 Qg4 23. Be1 d5 24. Ng5 Qxf4 25. Rf3 Bxg5 26. Rxf4 Bxf4 27. Rf1 Bd6 28. a3 Re7 29. h5 Rae8 30. Bh4 Re6 31. hxg6 hxg6 32. Ka2 Rc8 33. Qd3 Bf8 34. Qf3 Rc7 35. Bg3 Rd7 36. Be5 Bg7 37. Bxg7 Kxg7 38. Qf4 Rde7 39. g4 Rf6 40. Qc1 Rfe6 41. Rh1 g5 42. Qf1 Rf6 43. Qh3 Rf2 44. Qh8+ Kg6 45. Rh6# 1-0


[Site "https://www.chess.com"]

[Event "Titled Tuesday Blitz February 21 Late 2023"]
[White "sissahungrychess"]
[Black "Javakhadze, Zurab"]
[BlackFideId "13603647"]
[WhiteElo "2453"]
[BlackElo "2459"]
[Result "0-1"]
[Round "03"]
[TimeControl "180+2"]
[Date "2023.02.21"]
[WhiteClock "0:00:02"]
[BlackClock "0:00:14"]

1. c4 e6 2. Nf3 d5 3. d4 Nf6 4. g3 Bb4+ 5. Bd2 a5 6. Bg2 O-O 7. Qc2 dxc4 8. Qxc4 Qd5 9. Qd3 Qe4 10. Qc4 Qc6 11. Qxc6 Nxc6 12. O-O Rd8 13. e3 Bxd2 14. Nbxd2 e5 15. dxe5 Nxe5 16. Nxe5 Rxd2 17. Rfd1 Rxd1+ 18. Rxd1 Kf8 19. Rd8+ Ke7 20. Rh8 h6 21. h4 Ne8 22. Bd5 Nd6 23. Nc4 Ne8 24. Ne5 Nd6 25. Nc4 Nf5 26. Ne5 Kd6 27. Rd8+ Kxe5 28. g4 Ne7 29. Bxf7 Ra6 30. Re8 Kf6 31. Bc4 Bxg4 32. Bxa6 bxa6 0-1


[Site "https://www.chess.com"]

[Event "Titled Tuesday Blitz February 21 Late 2023"]
[White "Haszon, David"]
[Black "Timmermans, Mark"]
[WhiteFideId "733610"]
[BlackFideId "1026399"]
[WhiteElo "2264"]
[BlackElo "2392"]
[Result "0-1"]
[Round "03"]
[TimeControl "180+2"]
[Date "2023.02.21"]
[WhiteClock "0:00:02"]
[BlackClock "0:01:20"]

1. d4 Nf6 2. Bf4 e6 3. e3 d5 4. Nf3 Bd6 5. Bg3 O-O 6. Bd3 b6 7. Nbd2 Bb7 8. c3 Ne4 9. Ne5 f6 10. Bxe4 dxe4 11. Nec4 b5 12. Nxd6 cxd6 13. Qb3 Qd7 14. O-O Bd5 15. Qc2 f5 16. f3 exf3 17. Nxf3 Nc6 18. Nd2 Rac8 19. Qd3 a6 20. a4 Ne7 21. axb5 axb5 22. Ra6 Bxg2 23. Rxd6 Bxf1 24. Qxf1 Qb7 25. Rxe6 Ng6 26. Qf3 Qxf3 27. Nxf3 f4 28. exf4 Nxf4 29. Bxf4 Rxf4 30. Ne5 b4 31. Nc6 Kf7 32. d5 bxc3 33. bxc3 Ra8 34. Ne5+ Kf8 35. c4 Rd4 36. Nd7+ Kg8 37. Ne5 Rd2 38. Nf3 Rc2 39. Rc6 Ra1+ 0-1


[Site "https://www.chess.com"]

[Event "Titled Tuesday Blitz February 21 Late 2023"]
[White "Nilsen, Tobias Lang"]
[Black "Kramnik, Vladimir"]
[WhiteFideId "1521624"]
[BlackFideId "4101588"]
[WhiteElo "2247"]
[BlackElo "2753"]
[Result "0-1"]
[Round "03"]
[TimeControl "180+2"]
[Date "2023.02.21"]
[WhiteClock "0:00:04"]
[BlackClock "0:00:11"]

1. e4 c5 2. Nf3 e6 3. d4 cxd4 4. Nxd4 a6 5. c4 Nf6 6. Nc3 Qc7 7. a3 b6 8. Qd3 Bb7 9. Be2 d6 10. f4 Nbd7 11. b4 g6 12. Bb2 e5 13. Nf3 exf4 14. O-O Ne5 15. Nxe5 dxe5 16. Rae1 Bd6 17. Nd5 Bxd5 18. exd5 O-O 19. g3 Nd7 20. gxf4 exf4 21. Bf3 Rae8 22. Bd4 Be5 23. Bg4 f5 24. Bd1 Qd6 25. Bb3 Qf6 26. Bf2 Kg7 27. c5 bxc5 28. bxc5 f3 29. Qxf3 Bd4 30. c6 Ne5 31. Rxe5 Qxe5 32. Kg2 Bxf2 33. Rxf2 Qd4 34. Re2 Re4 35. Bc2 Rg4+ 36. Kh3 Rf4 37. Qe3 Rh4+ 38. Kg2 Qg4+ 39. Kf1 Rh3 40. Qe7+ Rf7 41. Qe5+ Kh6 42. Bd1 Rd3 43. Ke1 Qg1# 0-1


[Site "https://www.chess.com"]

[Event "Titled Tuesday Blitz February 21 Late 2023"]
[White "Postma, Dinant"]
[Black "Babazada, Khazar"]
[WhiteFideId "1018612"]
[BlackFideId "13413554"]
[WhiteElo "2131"]
[BlackElo "2474"]
[Result "0-1"]
[Round "03"]
[TimeControl "180+2"]
[Date "2023.02.21"]
[WhiteClock "0:00:02"]
[BlackClock "0:01:01"]

1. d4 Nc6 2. Nf3 d5 3. c4 e5 4. dxe5 d4 5. a3 a5 6. Nbd2 Bg4 7. h3 Bh5 8. Qb3 Nge7 9. g4 Bg6 10. Bg2 a4 11. Qxb7 Rb8 12. Qa6 Bc2 13. c5 d3 14. Qc4 Ng6 15. exd3 Bxd3 16. Qxa4 Bb5 17. Qc2 Nf4 18. Bf1 Nd3+ 19. Bxd3 Bxd3 20. Qc3 Qd5 21. b4 h5 22. g5 Be7 23. Rg1 O-O 24. Bb2 Rfd8 25. Rg3 Na7 26. Qb3 Qd7 27. g6 Bf5 28. Qxf7+ Kh8 29. e6 Qxe6+ 30. Qxe6 Bxe6 31. Ng5 Bd5 32. Nf7+ Bxf7 33. gxf7 Bf6 34. Bxf6 gxf6 35. O-O-O Nb5 36. Ne4 Nd4 37. Re1 Rf8 38. Nxf6 Rxf7 39. Nxh5 Rxf2 40. Re4 Ne2+ 41. Rxe2 Rxe2 42. Nf6 Rf8 0-1


[Site "https://www.chess.com"]

[Event "Titled Tuesday Blitz February 21 Late 2023"]
[White "Makarian, Rudik"]
[Black "Golubev, Mikhail"]
[WhiteFideId "44105681"]
[BlackFideId "14100983"]
[WhiteElo "2545"]
[BlackElo "2461"]
[Result "1-0"]
[Round "03"]
[TimeControl "180+2"]
[Date "2023.02.21"]
[WhiteClock "0:02:07"]
[BlackClock "0:00:03"]

1. d4 Nf6 2. c4 g6 3. Nc3 Bg7 4. e4 d6 5. Be2 O-O 6. Be3 c5 7. d5 e6 8. Nf3 exd5 9. cxd5 b5 10. e5 dxe5 11. Bxc5 Re8 12. Bxb5 Bd7 13. Be2 Bg4 14. O-O Nbd7 15. Ba3 Nb6 16. d6 e4 17. Nd4 Bxe2 18. Qxe2 Nfd5 19. Nxd5 Nxd5 20. Rad1 Nf4 21. Qg4 Nd3 22. Nc6 Qb6 23. Ne7+ Kh8 24. Qxe4 Nxb2 25. Rb1 Qa6 26. Bxb2 Bxb2 27. Rxb2 Qxd6 28. Re2 Rad8 29. Rfe1 Kg7 30. g3 1-0


[Site "https://www.chess.com"]

[Event "Titled Tuesday Blitz February 21 Late 2023"]
[White "Mikaelyan, Arman"]
[Black "Leenhouts, Koen"]
[WhiteFideId "13304852"]
[BlackFideId "1008439"]
[WhiteElo "2523"]
[BlackElo "2447"]
[Result "0-1"]
[Round "03"]
[TimeControl "180+2"]
[Date "2023.02.21"]
[WhiteClock "0:00:01"]
[BlackClock "0:00:04"]

1. b4 e5 2. Bb2 Bxb4 3. f4 d6 4. fxe5 dxe5 5. Bxe5 Nf6 6. Nf3 Nc6 7. Bb2 Bg4 8. e3 Qe7 9. Nc3 Nd4 10. Be2 Nxe2 11. Qxe2 O-O 12. O-O Rad8 13. h3 Bh5 14. a3 Bc5 15. Rad1 Bxa3 16. Ba1 Rfe8 17. Kh1 Bb4 18. Nb1 Ne4 19. Qe1 Bd6 20. Kg1 Ng3 21. Rf2 Ne4 22. Rf1 a5 23. Nc3 Ng3 24. Rf2 c6 25. Nd4 Bb8 26. Nce2 c5 27. Nf3 Qd6 28. Nf4 Bg6 29. Rb1 Ne4 30. Rf1 b6 31. Rd1 Qe7 32. Nh4 Nf6 33. Nhxg6 hxg6 34. Qf2 Ne4 35. Qe1 Be5 36. Bxe5 Qxe5 37. Nd3 Qe7 38. Rb1 Qc7 39. Rf4 Nf6 40. Qe2 Nd5 41. Rh4 Qe7 42. Qf2 g5 43. Rg4 Nf6 44. Rc4 Ne4 45. Qe2 Nd6 46. Rc3 c4 47. Nf2 b5 48. Ra3 Ne4 49. Nxe4 Qxa3 50. Nxg5 Qe7 51. Qh5 Qf6 52. Rf1 Qg6 53. Qh4 Rd5 54. Nxf7 Rh5 0-1


[Site "https://www.chess.com"]

[Event "Titled Tuesday Blitz February 21 Late 2023"]
[White "Mortazavi, Ali"]
[Black "KhalilMousavi98"]
[WhiteFideId "401323"]
[WhiteElo "2333"]
[BlackElo "2871"]
[Result "0-1"]
[Round "03"]
[TimeControl "180+2"]
[Date "2023.02.21"]
[WhiteClock "0:00:01"]
[BlackClock "0:00:34"]

1. e4 c5 2. Nc3 e6 3. Nf3 Nc6 4. g3 g6 5. d4 cxd4 6. Nxd4 a6 7. Bg2 Bg7 8. Be3 Nge7 9. O-O O-O 10. a4 d5 11. Nxc6 bxc6 12. Bc5 Rb8 13. Rb1 Re8 14. Kh1 a5 15. f4 Ba6 16. Rf2 d4 17. Rd2 e5 18. fxe5 Bxe5 19. Bxd4 Bxd4 20. Rxd4 Qc7 21. e5 Qxe5 22. Re4 Qc7 23. Qe1 Rb4 24. Qe3 Rxe4 25. Qxe4 Rb8 26. Re1 Nf5 27. Qg4 Rxb2 28. Ne4 Qe5 29. Rd1 Ne3 30. Qh4 Nxd1 31. Nf6+ Kg7 32. Qxh7+ Kxf6 33. Qh8+ Ke6 34. Qe8+ Kd6 35. Qd8+ Kc5 36. Qxa5+ Bb5 37. Qa7+ Kb4 38. h4 Rxc2 0-1


[Site "https://www.chess.com"]

[Event "Titled Tuesday Blitz February 21 Late 2023"]
[White "Mekhitarian, Krikor Sevag"]
[Black "Vega Gutierrez, Sabrina"]
[WhiteFideId "2107660"]
[BlackFideId "2219026"]
[WhiteElo "2537"]
[BlackElo "2377"]
[Result "1-0"]
[Round "03"]
[TimeControl "180+2"]
[Date "2023.02.21"]
[WhiteClock "0:00:45"]
[BlackClock "0:00:02"]

1. Nf3 d5 2. c4 e6 3. e3 Nf6 4. Nc3 Be7 5. b3 O-O 6. Bb2 c5 7. cxd5 exd5 8. d4 Nc6 9. Be2 Bg4 10. dxc5 Bxc5 11. O-O Re8 12. h3 Bh5 13. Nh4 Bxe2 14. Nxe2 Ne4 15. Nf5 Bf8 16. Rc1 Ne5 17. Nf4 g6 18. Nd4 Qa5 19. a3 Rac8 20. b4 Rxc1 21. Qxc1 Qd8 22. Rd1 Bg7 23. Nde2 Qh4 24. g3 Qf6 25. Rxd5 Nf3+ 26. Kg2 Qxb2 27. Qxb2 Bxb2 28. Kxf3 Bxa3 29. b5 Bb4 30. h4 Be1 31. Nd3 Bd2 32. Rd7 a6 33. Rxb7 axb5 34. Rxb5 h5 35. Rb7 Ba5 36. Ndf4 Nd2+ 37. Kg2 Ne4 38. Nd5 Be1 39. f3 1-0


[Site "https://www.chess.com"]

[Event "Titled Tuesday Blitz February 21 Late 2023"]
[White "Krzyzanowski, Marcin"]
[Black "Zochowski, Kacper"]
[WhiteFideId "1132199"]
[BlackFideId "1125494"]
[WhiteElo "2512"]
[BlackElo "2262"]
[Result "0-1"]
[Round "03"]
[TimeControl "180+2"]
[Date "2023.02.21"]
[WhiteClock "0:00:04"]
[BlackClock "0:00:16"]

1. g3 d6 2. Bg2 Nf6 3. c4 g6 4. Nc3 Bg7 5. d3 O-O 6. e4 c5 7. h4 h5 8. Bg5 Nc6 9. Qd2 Rb8 10. Nge2 a6 11. a4 Nd4 12. Nxd4 cxd4 13. Ne2 e5 14. f4 Qb6 15. a5 Qc7 16. Bxf6 Bxf6 17. O-O Bg4 18. Bf3 b6 19. Bxg4 hxg4 20. b4 b5 21. Rac1 bxc4 22. Rxc4 Qe7 23. Rc6 Ra8 24. Rfc1 Rfb8 25. Rc7 Qe6 26. R1c6 Bd8 27. fxe5 Bxc7 28. Nf4 Qd7 29. Nd5 Bd8 30. Rxd6 Qe8 31. Qh6 Qf8 0-1


[Site "https://www.chess.com"]

[Event "Titled Tuesday Blitz February 21 Late 2023"]
[White "Mazurkiewicz, Michal"]
[Black "Yuan, Qingyu"]
[WhiteFideId "1124943"]
[BlackFideId "8609772"]
[WhiteElo "2145"]
[BlackElo "2373"]
[Result "0-1"]
[Round "03"]
[TimeControl "180+2"]
[Date "2023.02.21"]
[WhiteClock "0:00:03"]
[BlackClock "0:00:14"]

1. e4 e5 2. Nf3 Nc6 3. d3 Nf6 4. g3 d5 5. exd5 Nxd5 6. Bg2 Bd6 7. O-O O-O 8. Re1 Re8 9. Nc3 Nxc3 10. bxc3 Bf5 11. Rb1 Rb8 12. Be3 Qd7 13. c4 b6 14. Ng5 h6 15. Ne4 Bb4 16. Rf1 Bd6 17. c5 Bf8 18. cxb6 axb6 19. Qe2 Nb4 20. Nc3 Bg4 21. Qd2 Be6 22. a3 Nd5 23. Nxd5 Bxd5 24. Bxd5 Qxd5 25. Qc3 Bd6 26. a4 Ra8 27. Rb5 Qf3 28. a5 bxa5 29. Rxa5 h5 30. Rxa8 Rxa8 31. h4 e4 32. dxe4 Ra3 33. Qd4 Bxg3 34. e5 Kh7 35. Qd1 Qxd1 36. Rxd1 Bxe5 37. Rd7 Kg6 38. c4 Ra4 39. c5 Rxh4 40. Kg2 Rc4 41. Rd5 f6 42. Rd7 Rc3 43. Kf3 Rc4 44. Ke2 h4 45. Kd3 Rc3+ 46. Kd2 h3 47. Rd8 Kh7 48. f4 h2 49. fxe5 Rxe3 50. exf6 h1=Q 51. f7 Rf3 52. f8=N+ Rxf8 53. Rxf8 Qd5+ 0-1


[Site "https://www.chess.com"]

[Event "Titled Tuesday Blitz February 21 Late 2023"]
[White "Pakleza, Zbigniew"]
[Black "CheckBits"]
[WhiteFideId "1119290"]
[WhiteElo "2494"]
[BlackElo "2452"]
[Result "1-0"]
[Round "03"]
[TimeControl "180+2"]
[Date "2023.02.21"]
[WhiteClock "0:00:36"]
[BlackClock "0:00:03"]

1. d4 Nf6 2. Nf3 e6 3. Bf4 c5 4. c3 Qb6 5. Qb3 Nc6 6. e3 d5 7. Nbd2 Be7 8. h3 c4 9. Qc2 Bd7 10. b3 cxb3 11. axb3 O-O 12. Bd3 Rfc8 13. Qb2 Qd8 14. b4 a6 15. O-O Be8 16. Nb3 Nd7 17. Nc5 Nxc5 18. bxc5 Ra7 19. Rfb1 f6 20. Qc2 h6 21. Bg3 Bf7 22. Rb6 Qd7 23. Rab1 Rca8 24. Bh7+ Kh8 25. Bg6 Bd8 26. R6b2 Bxg6 27. Qxg6 a5 28. Nd2 a4 29. Ra2 Ra6 30. Qd3 b6 31. cxb6 Bxb6 32. c4 dxc4 33. Nxc4 Bc7 34. Bxc7 Qxc7 35. Rab2 a3 36. Ra2 1-0


[Site "https://www.chess.com"]

[Event "Titled Tuesday Blitz February 21 Late 2023"]
[White "Yanchenko, Roman"]
[Black "Mikhalsky, Vladimir"]
[WhiteFideId "4137329"]
[BlackFideId "14144352"]
[WhiteElo "2466"]
[BlackElo "2219"]
[Result "0-1"]
[Round "03"]
[TimeControl "180+2"]
[Date "2023.02.21"]
[WhiteClock "0:00:19"]
[BlackClock "0:00:16"]

1. d4 Nf6 2. c4 g6 3. Nf3 Bg7 4. Nc3 O-O 5. Bf4 d6 6. e3 Nfd7 7. Be2 e5 8. dxe5 dxe5 9. Bg5 f6 10. Bh4 c6 11. O-O Qe7 12. Ne4 g5 13. Bg3 f5 14. Nexg5 e4 15. Bd6 Qf6 16. Bxf8 Nxf8 17. c5 exf3 18. Bc4+ Ne6 19. Qd6 Qxg5 20. Bxe6+ Kh8 21. g3 Na6 22. h4 Qf6 23. Bxc8 Qxd6 24. cxd6 Rxc8 25. Rad1 Rd8 26. Rd2 Nc5 27. d7 Be5 28. b4 Ne4 29. Rd3 Kg7 30. a4 Kf6 31. Rc1 Ke6 32. b5 Rxd7 33. Rxd7 Kxd7 34. bxc6+ bxc6 35. Rc4 h5 36. Rb4 a5 37. Rb7+ Bc7 38. Kf1 Nc5 39. Ra7 Nxa4 40. Ra8 Nc3 41. Ke1 Ne4 42. Rf8 Ke6 43. Re8+ Kd5 44. Rf8 a4 45. Rxf5+ Be5 46. Rf7 a3 47. Ra7 Bc3+ 48. Kd1 Nxf2+ 49. Kc2 Bb2 50. Ra5+ Ke4 51. Rxh5 Ng4 52. Rg5 Nxe3+ 53. Kb3 f2 0-1


[Site "https://www.chess.com"]

[Event "Titled Tuesday Blitz February 21 Late 2023"]
[White "Bambino Filho, Antonio Carlos"]
[Black "Quispe Arteaga, Gabriel"]
[WhiteFideId "2113163"]
[BlackFideId "32059809"]
[WhiteElo "2144"]
[BlackElo "2381"]
[Result "0-1"]
[Round "03"]
[TimeControl "180+2"]
[Date "2023.02.21"]
[WhiteClock "0:01:35"]
[BlackClock "0:00:39"]

1. d4 Nf6 2. c4 e6 3. Nc3 Bb4 4. Qc2 O-O 5. a3 Bxc3+ 6. Qxc3 d5 7. Bg5 c5 8. dxc5 d4 9. Qd2 e5 10. e3 Nc6 11. Nf3 Bf5 12. Rd1 h6 13. Bxf6 Qxf6 14. exd4 exd4 15. Bd3 Rfe8+ 16. Kf1 Bg4 17. Re1 Bxf3 18. gxf3 Qxf3 19. Rg1 Qh3+ 20. Rg2 Rxe1+ 0-1


[Site "https://www.chess.com"]

[Event "Titled Tuesday Blitz February 21 Late 2023"]
[White "Maksimovic, Bojan"]
[Black "Becerra, Juan David"]
[WhiteFideId "14408120"]
[BlackFideId "4404998"]
[WhiteElo "2486"]
[BlackElo "2382"]
[Result "1-0"]
[Round "03"]
[TimeControl "180+2"]
[Date "2023.02.21"]
[WhiteClock "0:01:16"]
[BlackClock "0:00:09"]

1. e4 e5 2. Nf3 Nc6 3. Bb5 f5 4. d3 fxe4 5. dxe4 d6 6. O-O Be7 7. h3 Nf6 8. Bc4 Na5 9. Be2 O-O 10. b4 Nc6 11. b5 Nb8 12. Nc3 h6 13. a4 Be6 14. a5 Nbd7 15. a6 b6 16. Be3 Nc5 17. Bxc5 bxc5 18. Nd2 Qe8 19. Bc4 Qf7 20. Bxe6 Qxe6 21. Qe2 Kh7 22. Qc4 Qd7 23. Qe2 Qe8 24. Nc4 Nh5 25. g3 Qg6 26. Qg4 Qf7 27. Na5 Nf6 28. Qf5+ g6 29. Qf3 Qe6 30. Kg2 Rf7 31. Nc6 Qc4 32. Qd3 Qe6 33. Nd5 Nxd5 34. Qxd5 Qxd5 35. exd5 Bg5 36. c4 Bd2 37. Ra2 Bc3 38. Re2 Bd4 39. Re4 g5 40. h4 Kg6 41. f3 Kg7 42. hxg5 hxg5 43. f4 gxf4 44. gxf4 exf4 45. Rexf4 Rxf4 46. Rxf4 Bf6 47. Kf3 Kf7 48. Rg4 Kf8 49. Kf4 Kf7 50. Kf5 Bc3 51. Rh4 Kg7 52. Ke6 1-0


[Site "https://www.chess.com"]